 Dungeon Crawl Stone Soup version 0.25-a0-419-g7650d0de75 (webtiles) character file.

Game seed: 17921747169346858140, levelgen mode: deterministic

662930 Borgoz the Shatterer (level 27, 0/133 HPs)
             Began as a Gargoyle Berserker on Jan 17, 2020.
             Was the Champion of Trog.
             Slain by a bone dragon (5 damage)
             ... on level 4 of the Abyss.
             The game lasted 03:41:00 (65271 turns).

Borgoz the Shatterer (Gargoyle Berserker)          Turns: 65271, Time: 03:41:01

Health: 0/133      AC: 48    Str: 34      XL:     27
Magic:  0/18       EV: 27    Int: 13 (15) God:    Trog [******]
Gold:   1422       SH: 10    Dex: 18      Spells: 26/26 levels left

rFire    + + +     SeeInvis +   a - +9 flail of the Postmodern Scars {flame, rPois Str+7 Dex+4}
rCold    + + +     Gourm    .   t - +3 warlock's mirror {reflect}
rNeg     + + .     Faith    .   Q - +6 scale mail "Fuvubb" {rElec rF+ rC+ Regen+}
rPois    ∞         Spirit   +   j - +0 hat of the Serpent {rF+ Regen+ Int+4 Stlth+}
rElec    +         Reflect  +   N - +2 cloak {MR+}
rCorr    +         Harm     .   O - +2 pair of gloves {Str+3}
MR       +++++     Rnd*Rage +   x - +2 pair of boots "Winko" {rF- Regen+ rCorr} Stlth +.........Rnd*Tele +
                                p - amulet "Tupo" {Spirit rF+ Int+2}
HPRegen  1.00/turn              K - ring "Heede" {rF+ rC+ Str+3 Int+2 SInv}
MPRegen  0.16/turn              R - ring "Jeutuk" {rC+ rN+ Dex+3}

@: berserk cooldown, flying, regenerating, glowing
A: big wings, [berserk 3], [blurry vision 3], [clumsy 2], [deformed body],
[deterioration 2], [dopey 2], [frail 3], [low mp 3], negative energy resistance
1, [screaming 3], electricity resistance, [inhibited regeneration],
[teleportitis 3], [weak 2], unbreathing, petrification resistance, [no potion
heal 3], rot immunity, [subdued magic 3], AC +20
}: 4/15 runes: decaying, serpentine, silver, abyssal
a: Stop Flying, Berserk, Trog's Hand, Brothers in Arms, Renounce Religion


You were on level 4 of the Abyss.
You worshipped Trog.
Trog was exalted by your worship.
You were near starving.

You visited 9 branches of the dungeon, and saw 47 of its levels.
You visited the Abyss 1 time.
You also visited: Trove, Ossuary, Gauntlet, Ice Cave and Volcano.

You collected 7850 gold pieces.
You spent 6428 gold pieces at shops.

Inventory:

Hand Weapons
 a - the +9 flail of the Postmodern Scars (weapon) {flame, rPois Str+7 Dex+4}
   (You took it off a deep elf annihilator on level 3 of the Elven Halls)

   It has been specially enchanted to burn those struck by it, causing extra
   injury to most foes and up to half again as much damage against particularly
   susceptible opponents.
   It affects your strength (+7).
   It affects your dexterity (+4).
   It protects you from poison.
 b - a +9 vampiric demon whip
 o - the +10 flail of Irhidot (quivered) {flame, Dex+5}
   (You took it off a vampire knight on level 3 of the Depths)

   It has been specially enchanted to burn those struck by it, causing extra
   injury to most foes and up to half again as much damage against particularly
   susceptible opponents.
   It affects your dexterity (+5).
Armour
 j - the +0 hat of the Serpent (worn) {rF+ Regen+ Int+4 Stlth+}
   (You found it in a treasure trove)

   It affects your intelligence (+4).
   It protects you from fire.
   It increases your rate of regeneration.
   It makes you more stealthy.
 t - the +3 warlock's mirror (worn) {reflect}
   (You bought it in a shop on level 1 of the Orcish Mines)
 x - the +2 pair of boots "Winko" (worn) {rF- Regen+ rCorr}
   (You found it on level 1 of the Depths)

   It makes you vulnerable to fire.
   It increases your rate of regeneration.
   It provides partial protection from all sources of acid and corrosion.
 N - a +2 cloak of magic resistance (worn)
 O - a +2 pair of gloves of strength (worn)
 Q - the +6 scale mail "Fuvubb" (worn) {rElec rF+ rC+ Regen+}
   (You bought it in a shop on level 2 of the Orcish Mines)

   It protects you from fire.
   It protects you from cold.
   It insulates you from electricity.
   It increases your rate of regeneration.
Jewellery
 p - the amulet "Tupo" (around neck) {Spirit rF+ Int+2}
   (You acquired it on level 6 of the Lair of Beasts)

   [amulet of guardian spirit]

   It causes incoming damage to be split between your health and magic.
   It affects your intelligence (+2).
   It protects you from fire.
 B - the ring "Maovetsi" {rF+ rC+ SInv}
   (You found it on level 5 of the Lair of Beasts)

   [ring of protection from cold]

   It protects you from fire.
   It protects you from cold.
   It lets you see invisible.
 K - the ring "Heede" (left hand) {rF+ rC+ Str+3 Int+2 SInv}
   (You found it on level 4 of the Depths)

   [ring of see invisible]

   It affects your strength (+3).
   It affects your intelligence (+2).
   It protects you from fire.
   It protects you from cold.
   It lets you see invisible.
 R - the ring "Jeutuk" (right hand) {rC+ rN+ Dex+3}
   (You found it on level 3 of the Crypt)

   [ring of positive energy]

   It affects your dexterity (+3).
   It protects you from cold.
   It protects you from negative energy.
Wands
 f - a wand of paralysis (27)
 v - a wand of iceblast (47)
 y - a wand of clouds (2)
 D - a wand of disintegration (22)
 E - a wand of acid (37)
 I - a wand of digging (14)
 M - a wand of scattershot (15)
Scrolls
 g - 6 scrolls of blinking
 h - 6 scrolls of identify
 k - 2 scrolls of summoning
 n - 2 scrolls of silence
 q - a scroll of immolation
 r - 5 scrolls of magic mapping
 s - 9 scrolls of teleportation
 z - 30 scrolls of remove curse
 C - 2 scrolls of brand weapon
 H - 2 scrolls of fog
 L - a scroll of enchant armour
 S - 2 scrolls of holy word
 W - a scroll of fear
Potions
 d - 7 potions of invisibility
 e - 8 potions of might
 i - 6 potions of ambrosia
 l - 7 potions of cancellation
 m - 8 potions of haste
 u - 7 potions of agility
 w - 16 potions of curing
 A - 4 potions of resistance
 F - 7 potions of heal wounds
 G - 9 potions of berserk rage
Comestibles
 c - 67 rations


   Skills:
 * Level 24.0 Fighting
 * Level 24.0 Maces & Flails
 * Level 24.0 Armour
 * Level 20.9 Dodging
 - Level 11.1 Shields
 - Level 5.0 Evocations


You had 26 spell levels left.
You didn't know any spells.
Your spell library was empty.

Dungeon Overview and Level Annotations

Branches:
Dungeon (15/15)            Temple (0/1) D:5            Lair (6/6) D:9
  Swamp (4/4) Lair:4        Snake (4/4) Lair:3        Slime (0/5) Lair:6
    Orc (2/2) D:11            Elf (3/3) Orc:2        Vaults (5/5) D:13
  Crypt (3/3) Vaults:3       Tomb (0/3) Crypt:3      Depths (5/5) D:15
    Zot (0/5) Depths:5    Ossuary (visited)           IceCv (visited)
Volcano (visited)         Gauntlet (visited)

Altars:
Cheibriados
Elyvilon
Gozag
Hepliaklqana
Nemelex Xobeh
Okawaru
Ru
Xom
Yredelemnul
Zin
Beogh
Lugonu

Shops:
D:5 =}**[   D:7 *   D:10 *   D:11 }}**}   Orc:1 *[(   Orc:2 [(}(   Vaults:2 %
Vaults:4 }   Depths:2 *

Portals:
Hell: Depths:1 Depths:2 Depths:3 Depths:4 Depths:5
Abyss: Depths:2 Depths:4
Pandemonium: Depths:3
Ziggurat: Depths:1

Annotations:
Depths:2 6 runed translucent doors


Innate Abilities, Weirdness & Mutations

You are resistant to torment.
Your stone body is resilient. (AC +20)
You are immune to poison.
Your large and strong wings let you fly indefinitely.
You resist negative energy. (rN+)
You are resistant to electric shocks. (rElec)
You can survive without breathing.
You are immune to petrification.
You are immune to rotting.
[You have an uncontrollable temper.]
[Scrolls take you much longer to read.]
[You are very clumsy. (Dex -4)]
[Armour fits poorly on your strangely shaped body.]
[Your body often deteriorates upon taking damage.]
[You are very dopey. (Int -4)]
[You are extremely frail. (-30% HP)]
[Your magical capacity is extremely low. (-30% MP)]
[You frequently scream uncontrollably at your foes.]
[You do not regenerate when monsters are visible.]
[You are often teleported next to monsters.]
[You are very weak. (Str -4)]
[Potions cannot restore your health.]
[Your spells are much easier to cast, but much less powerful.]


Message History

The wretched star pulses with an eldritch light!
You feel frail. The large abomination misses you.
The bone dragon completely misses you.
The bone dragon claws you but does no damage.
You block the bone dragon's attack.
You hit the large abomination. You burn the large abomination.
You destroy the large abomination!
Trog accepts your kill. The daeva closely misses you.
You block the daeva's attack. You block the orange demon's attack.
The tormentor calls on the powers of darkness!
The daeva convulses!
You feel a surge of unholy energy.
You flatten the starcursed mass like a pancake!!!
You burn the starcursed mass.
You destroy the starcursed mass!
Trog accepts your kill.
The substance of the Abyss twists violently, and a gateway leading down appears!
The bone dragon bites you but does no damage.
The bone dragon claws you.
You die...

.. . .... ..
#.. ..#...# .
# .. #D.##
.#.####. ## .#
.###...## #. .
..
.5#.....#.....
.. .4Xx......
# #
###AD2..#§. ##
.# ..
..#@§*W#...
.... . .
..###.##.....
. . ## .# . .#
. . #. ..##..#
##. # #..#.#.
.# . . #.. #.
#.# . #. # ###
.#..#. .## #
.# # . . ..
..# #


You could see a bone dragon, a daeva, a wretched star, an orange demon, an
ancient zyme, a large abomination, a freezing wraith, a tormentor and a crimson
imp.

Vanquished Creatures
  3 ancient liches
  Mara (Vaults:3)
  Mennas (Vaults:3)
  The ghost of Pofumik the Slayer, a veteran MiFi of Okawaru (Vaults:2)
  The ghost of Waros the Metallomancer, a veteran GrEE of Ashenzari (Vaults:2)
  Boris (5 times) (Vaults:3 Crypt:1 Depths:1 Depths:2 Depths:5)
  Saint Roka (Orc:2)
  the Lernaean hydra (Swamp:4)
  6 golden dragons
  4 bone dragons
  A profane servitor (Crypt:3)
  4 tentacled monstrosities
  7 liches
  2 titans
  2 deep elf master archers (Elf:3)
  The ghost of Muon Kaw the Nimble, an adept GnGl of Makhleb (Vaults:2)
  3 deep elf blademasters
  A quicksilver dragon (Depths:4)
  2 tentacled starspawn
  5 sphinxes
  Gastronok (D:9)
  An eldritch tentacle (Vaults:3)
  Roxanne (Swamp:1)
  3 ancient champions
  4 thorn hunters (Swamp:3)
  7 shadow dragons
  6 tengu reavers
  2 draconian monks
  Donald (Snake:1)
  4 storm dragons
  15 nagarajas
  9 fire giants
  A revenant (Abyss:3)
  15 frost giants
  A deep elf sorcerer (Elf:3)
  A draconian scorcher (Depths:5)
  Aizul (Vaults:2)
  3 curse skulls
  2 iron dragons (Vaults:5)
  13 vault wardens
  5 spriggan defenders
  6 deep elf elementalists
  12 ghouls
  11 ironheart preservers
  A draconian stormcaller (Depths:5)
  26 very ugly things
  A caustic shrike skeleton (Crypt:2)
  The ghost of Rooheesk the Severer, a journeyman DDGl of Makhleb (Lair:4)
  An entropy weaver (shapeshifter) (Vaults:5)
  2 entropy weavers (Vaults:3)
  32 stone giants
  9 deep elf demonologists
  A black draconian (Depths:5)
  A yellow draconian (Depths:5)
  A red draconian (Depths:5)
  A minotaur (Gauntlet)
  5 vampire knights
  11 deep elf annihilators
  7 spark wasps
  A purple draconian (Depths:5)
  A spark wasp (shapeshifter) (Depths:3)
  28 ettins
  14 eidola
  A merfolk impaler (Depths:5)
  A mummy priest (Crypt:3)
  16 deep elf death magi
  A death ooze (Gauntlet)
  12 fire dragons
  A quicksilver dragon zombie (Crypt:3)
  Fannar (Orc:1)
  The ghost of Borgoz the Fighter, a journeyman GrBe of Trog (D:12)
  19 yaktaur captains
  4 jiangshi
  16 great orbs of eyes
  5 spriggan air magi
  9 ice dragons
  37 vault guards
  A deep elf high priest (Vaults:5)
  17 hydras
  2 caustic shrike simulacra (Depths:4)
  A hell beast (Depths:2)
  4 rakshasas
  A monstrous demonspawn (Depths:3)
  Erolcha (Orc:1)
  23 naga warriors
  4 ghost crabs
  7 shambling mangroves
  Erica (Orc:1)
  A juggernaut simulacrum (Depths:4)
  7 death knights
  19 ogre magi
  8 centaur warriors
  29 dancing weapons
  7 anacondas
  4 tengu warriors
  12 deep troll earth magi
  5 death yaks
  10 deep troll shamans
  3 shock serpents
  2 titan zombies (Crypt:3)
  8 alligators
  49 two-headed ogres
  8 spriggan berserkers
  17 naga sharpshooters
  A shock serpent (shapeshifter) (Vaults:5)
  3 vampire magi
  5 orc high priests
  9 thrashing horrors
  3 sun demons
  21 hell knights
  19 deep elf knights
  A soul eater (Crypt:2)
  A sixfirhy (Abyss:2)
  A fire crab (Abyss:4)
  A sea snake (shapeshifter) (Elf:2)
  26 skeletal warriors
  A shadow wraith (Crypt:2)
  A salamander mystic (Snake:1)
  2 iron trolls
  8 wretched stars
  4 unseen horrors
  4 spatial maelstroms
  2 shadow demons
  10 swamp dragons
  A golden dragon zombie (D:15)
  A death drake (shapeshifter) (Vaults:1)
  4 glowing orange brains
  A torturous demonspawn (Depths:3)
  A swamp dragon (shapeshifter) (Depths:3)
  23 deep elf archers
  50 deep trolls
  11 large abominations
  A spark wasp zombie (Depths:3)
  8 flayed ghosts
  A tengu zombie (Vaults:1)
  6 wizards
  6 naga ritualists
  22 phantasmal warriors
  4 harpies (Vaults:1)
  2 spriggan druids
  19 orc knights
  2 stone giant zombies
  Pikel (D:7)
  20 ironbrand convokers
  A sphinx zombie (Vaults:1)
  2 wolf spider zombies (D:15)
  52 deep elf magi
  3 oklob plants
  A shadow dragon skeleton (Crypt:1)
  3 frost giant zombies
  8 wolf spiders
  63 ugly things
  12 salamanders
  11 necromancers
  2 fire giant zombies
  12 orc sorcerers
  8 mana vipers
  2 manticores
  A spectral elf (Depths:4)
  13 cyclopes
  A shining eye (Abyss:3)
  A fire giant skeleton (Depths:3)
  4 worldbinders
  Maurice (Orc:1)
  3 shock serpent zombies (Crypt:3)
  A titan simulacrum (Abyss:2)
  22 black mambas
  3 dire elephant zombies (Crypt:3)
  14 vault sentinels
  3 apocalypse crabs
  23 naga magi
  2 rust devils
  28 spiny frogs
  A black draconian zombie (Crypt:2)
  An ice statue (IceCv)
  A spiny frog (shapeshifter) (Vaults:3)
  7 smoke demons
  2 orange demons
  4 guardian serpents
  A gargoyle (D:11)
  3 efreet
  A rime drake (shapeshifter) (Vaults:3)
  41 yaktaurs
  3 komodo dragons
  5 rime drakes
  Maggie (D:11)
  A kobold demonologist (D:12)
  25 starcursed masses
  A demonic crawler (Abyss:3)
  12 freezing wraiths
  A yaktaur (shapeshifter) (Vaults:1)
  2 hellwings (Abyss:1)
  A red devil (Depths:2)
  2 ice devils (Lair:5)
  A hydra zombie (Crypt:3)
  3 ancient zymes
  A jumping spider (shapeshifter) (Depths:3)
  A queen bee (D:10)
  A guardian mummy (Crypt:3)
  4 jumping spiders
  3 meliai (D:13)
  13 trolls
  A tengu simulacrum (Vaults:1)
  A blink frog (shapeshifter) (Vaults:2)
  14 tyrant leeches
  A sphinx simulacrum (Vaults:2)
  A polar bear (shapeshifter) (Vaults:5)
  2 wind drakes (shapeshifter)
  22 hornets
  14 polar bears (IceCv)
  19 hippogriffs
  11 raiju
  26 blink frogs
  6 dream sheep (Lair:5)
  2 ice dragon zombies
  44 slime creatures
  2 ettin zombies (Crypt:3)
  Grinder (D:3)
  8 bog bodies
  A stone giant simulacrum (Vaults:1)
  A jumping spider zombie (Crypt:2)
  A centaur simulacrum (D:14)
  A frost giant simulacrum (Vaults:1)
  2 tarantellas (Vaults:3)
  3 shadows
  7 air elementals
  5 redbacks (Vaults:3)
  4 flying skulls
  13 wraiths
  5 ynoxinuls
  14 spriggans
  10 water elementals
  A tarantella (shapeshifter) (Abyss:3)
  An ice dragon skeleton (Crypt:1)
  A vampire (Abyss:2)
  Eustachio (D:4)
  6 wyverns
  4 hogs (Swamp:4)
  A spriggan simulacrum (Depths:2)
  10 basilisks
  36 yaks
  3 fire bats (Volcano)
  2 golden eyes (shapeshifter)
  A hog (shapeshifter) (Vaults:2)
  3 hungry ghosts
  A fire bat (shapeshifter) (Depths:1)
  2 golden eyes (Vaults:3)
  A steam dragon (shapeshifter) (Vaults:2)
  5 neqoxecs (Abyss:2)
  A tyrant leech zombie (Swamp:2)
  22 vampire mosquitoes
  2 chaos spawn (Abyss:1)
  3 fire elementals
  A yaktaur simulacrum (Vaults:3)
  7 wargs
  Menkaure (Ossuary)
  4 spatial vortices
  10 swamp worms
  An infernal demonspawn zombie (Crypt:2)
  7 insubstantial wisps
  An acid dragon (Vaults:1)
  A floating eye (Depths:3)
  55 nagas
  8 water moccasins
  A floating eye (shapeshifter) (Vaults:5)
  An infernal demonspawn skeleton (Crypt:2)
  6 porcupines
  6 hell hounds
  2 black bears (shapeshifter)
  59 orc warriors
  2 sky beasts
  8 swamp drakes
  A hornet zombie (D:10)
  3 ice beasts
  4 slaves (D:7)
  7 human zombies
  2 eyes of draining
  71 ogres
  A black bear (D:9)
  2 eyes of draining (shapeshifter)
  16 necrophages
  A phantom (D:11)
  26 wolves
  12 boggarts
  21 centaurs
  12 small abominations
  A wolf (shapeshifter) (Vaults:5)
  11 crocodiles
  A hog skeleton (Crypt:1)
  A big kobold (shapeshifter) (Depths:1)
  A komodo dragon zombie (Crypt:1)
  A gnoll sergeant (D:7)
  28 bullfrogs
  A glowing shapeshifter simulacrum (Vaults:2)
  5 earth elementals
  A wyvern zombie (D:6)
  6 scorpions
  18 wyvern skeletons
  A scorpion (shapeshifter) (Abyss:1)
  2 troll zombies
  An oklob sapling (Swamp:3)
  A troll skeleton (Crypt:1)
  12 wights
  19 killer bees
  4 electric eels
  3 howler monkeys
  10 crimson imps
  3 bullfrog zombies
  2 centaur zombies
  6 quasits
  8 hounds
  A jelly (shapeshifter) (Vaults:2)
  A gnoll shaman (D:9)
  34 orc priests
  3 jellies
  4 iron imps
  4 centaur skeletons
  2 human skeletons (Crypt:2)
  2 iguanas
  17 orc wizards
  A black bear skeleton (Crypt:2)
  Natasha (D:3)
  7 worker ants
  A killer bee zombie (D:4)
  8 ogre zombies
  A demigod skeleton (Crypt:1)
  A big kobold skeleton (Crypt:1)
  An ogre skeleton (Crypt:2)
  2 hound zombies
  8 mummies
  12 gnolls
  11 adders
  2 howler monkey skeletons
  A swamp drake zombie (Swamp:2)
  3 shadow imps
  A white imp (Depths:3)
  A swamp drake simulacrum (Swamp:2)
  4 ufetubi
  3 adder zombies
  2 oozes
  2 adder skeletons
  A worm (shapeshifter) (Vaults:1)
  6 worms
  A dart slug (D:4)
  4 leopard geckos
  130 orcs
  7 giant cockroaches
  4 gnoll zombies (Ossuary)
  6 goblins
  13 hobgoblins
  14 jackals
  4 quokkas
  5 ball pythons
  11 bats
  5 frilled lizards
  6 gnoll skeletons (Ossuary)
  2 goblin skeletons (Ossuary)
  6 goblin zombies
  5 hobgoblin skeletons (Ossuary)
  4 hobgoblin zombies
  A jackal skeleton (D:8)
  10 kobolds
  4 kobold skeletons (Ossuary)
  6 kobold zombies
  A leopard gecko skeleton (D:5)
  8 orc skeletons
  29 orc zombies
  A quokka zombie (Crypt:1)
  7 rats
  3 rat skeletons (Ossuary)
  4 rat zombies (Ossuary)
  2 briar patches (Swamp:3)
  A crawling corpse (Elf:3)
  3 fungi
  A lurking horror (Abyss:4)
  2 plants
  3 starspawn tentacles (Abyss:3)
  3 withered plants (Crypt:3)
2766 creatures vanquished.

Vanquished Creatures (collateral kills)
  An ancient lich (Depths:4)
  The ghost of Pofumik the Slayer, a veteran MiFi of Okawaru (Vaults:3)
  The ghost of Muqepaov the Ruinous, a veteran TeFE of Vehumet (Depths:4)
  Kirke (Swamp:4)
  A spectral caustic shrike (Depths:4)
  A spectral titan (Depths:4)
  2 caustic shrike simulacra (Depths:4)
  A juggernaut simulacrum (Depths:4)
  A vault guard (Vaults:5)
  A hydra (Swamp:4)
  An alligator (Swamp:4)
  A dancing weapon (D:12)
  An ugly thing (D:13)
  An oklob plant (Lair:6)
  A spectral elf (Depths:4)
  A gargoyle (D:13)
  A hornet (Swamp:3)
  A shadow dragon simulacrum (Depths:4)
  An iron dragon simulacrum (Depths:4)
  A blink frog (Lair:6)
  2 hogs (Swamp:4)
  A vampire mosquito (Swamp:4)
  A swamp drake (Swamp:4)
25 creatures vanquished.

Vanquished Creatures (others)
  Vashnia (Snake:2)
  A kraken (Abyss:4)
  A stone giant (Vaults:5)
  A very ugly thing (Depths:5)
  A yaktaur captain (Vaults:5)
  A starcursed mass (Abyss:3)
  2 hydras (Swamp:4)
  A dancing weapon (Elf:1)
  2 hell hogs (Abyss:4)
  4 naga sharpshooters
  A deep elf knight (Elf:2)
  3 swamp dragons (Swamp:4)
  2 deep elf archers
  2 deep elf magi (Elf:2)
  A naga mage (Snake:4)
  An apocalypse crab (Abyss:4)
  A spectral glowing shapeshifter (Depths:4)
  A tyrant leech (Swamp:2)
  A slime creature (Swamp:2)
  A hornet (Depths:3)
  3 blink frogs (Lair:6)
  An air elemental (Elf:3)
  A fire elemental (Elf:1)
  A human (Swamp:4)
  2 swamp worms (Swamp:2)
  An ogre (Vaults:3)
  A wolf (IceCv)
  A centaur (Volcano)
  A shadow imp (D:14)
  14 briar patches (Swamp:3)
  9 fungi
  2 lurking horrors
  45 plants
  4 starspawn tentacles
  8 tentacles (Abyss:4)
  6 withered plants
129 creatures vanquished.

Grand Total: 2920 creatures vanquished

Notes
Turn   | Place    | Note
-------+----------+-------------------------------------------
     0 | D:1      | Borgoz the Gargoyle Berserker began the quest for the Orb.
     0 | D:1      | Reached XP level 1. HP: 14/14 MP: 1/1
    54 | D:1      | Reached XP level 2. HP: 8/19 MP: 2/2
   510 | D:1      | Reached ** piety under Trog
   510 | D:1      | Reached XP level 3. HP: 22/23 MP: 3/3
  1208 | D:2      | Found an iron altar of Okawaru.
  1290 | D:2      | Found an opulent altar of Gozag.
  1347 | D:2      | Reached XP level 4. HP: 16/29 MP: 4/4
  2047 | D:3      | Noticed Grinder
  2050 | D:3      | Paralysed by Grinder for 4 turns
  2057 | D:3      | Killed Grinder
  2057 | D:3      | Reached XP level 5. HP: 20/34 MP: 5/5
  2057 | D:3      | Reached XP level 6. HP: 23/39 MP: 6/6
  2139 | D:3      | Reached *** piety under Trog
  2177 | D:3      | Found a snail-covered altar of Cheibriados.
  2384 | D:3      | Noticed Natasha
  2395 | D:3      | Killed Natasha
  2474 | D:3      | Found a sacrificial altar of Ru.
  2779 | D:4      | Found a sand-covered staircase.
  2850 | Ossuary  | Entered an ossuary
  2857 | Ossuary  | Reached **** piety under Trog
  2878 | Ossuary  | Reached skill level 5 in Fighting
  2887 | Ossuary  | Reached XP level 7. HP: 43/44 MP: 7/7
  3103 | Ossuary  | Reached ***** piety under Trog
  3103 | Ossuary  | Received a gift from Trog
  3118 | Ossuary  | Noticed Menkaure
  3127 | Ossuary  | Killed Menkaure
  3474 | D:4      | Noticed Eustachio
  3496 | D:4      | Killed Eustachio
  3496 | D:4      | Reached skill level 5 in Maces & Flails
  3496 | D:4      | Reached skill level 5 in Armour
  3914 | D:4      | Reached XP level 8. HP: 51/51 MP: 8/8
  4360 | D:5      | Entered Level 5 of the Dungeon
  4381 | D:5      | Found Xoirron's Gadget Emporium.
  4413 | D:5      | Got a heavily runed ring mail
  4425 | D:5      | Identified the +3 ring mail of Integrity {*Drain rPois rC+
                  | Int+4} (You found it on level 5 of the Dungeon)
  4473 | D:5      | Found a staircase to the Ecumenical Temple.
  4496 | D:5      | Found Veicwuu's General Store.
  4543 | D:5      | Found a shimmering altar of Xom.
  4609 | D:5      | Bought a scroll of identify for 24 gold pieces
  4609 | D:5      | Bought a potion of heal wounds for 60 gold pieces
  4616 | D:5      | Found Vole's Antique Armour Boutique.
  4664 | D:5      | Found Holerom's Assorted Antiques.
  4811 | D:5      | Found a shimmering altar of Xom.
  4812 | D:5      | Found a shimmering altar of Xom.
  4812 | D:5      | Found a shimmering altar of Xom.
  4903 | D:5      | Found a sparkling altar of Nemelex Xobeh.
  4964 | D:5      | Found Heddashro's Jewellery Shoppe.
  5061 | D:6      | Reached XP level 9. HP: 27/56 MP: 9/9
  5238 | D:6      | Received a gift from Trog
  5580 | D:6      | Reached skill level 5 in Dodging
  5929 | D:7      | Found a hazy altar of Hepliaklqana.
  6028 | D:7      | Found Laxzatei's General Store.
  6034 | D:7      | Noticed Pikel
  6083 | D:7      | Killed Pikel
  6650 | D:7      | Found a white marble altar of Elyvilon.
  7024 | D:7      | Found a basalt altar of Yredelemnul.
  7167 | D:8      | Found a glowing silver altar of Zin.
  7179 | D:8      | Reached XP level 10. HP: 64/64 MP: 10/10
  7355 | D:8      | Received a gift from Trog
  8254 | D:9      | Found a staircase to the Lair.
  8680 | D:9      | Noticed Gastronok
  8704 | D:9      | Killed Gastronok
  8704 | D:9      | Reached XP level 11. HP: 34/72 MP: 3/11
  9304 | D:10     | Entered Level 10 of the Dungeon
  9341 | D:10     | Found Cyfulus's Assorted Antiques.
  9751 | D:10     | Received a gift from Trog
  9790 | D:10     | Reached skill level 10 in Fighting
 10074 | D:10     | Found a portal to a secret trove of treasure.
 10169 | D:10     | Reached skill level 10 in Armour
 10415 | D:10     | Noticed a two-headed ogre
 10423 | D:10     | Killed a two-headed ogre
 10508 | D:11     | Found Muilu's Gadget Emporium.
 10508 | D:11     | Found Oxzonoal's Assorted Antiques.
 10636 | D:11     | Found Visysm's Gadget Shoppe.
 10715 | D:11     | Killed an unseen horror
 10825 | D:11     | Found a staircase to the Orcish Mines.
 10945 | D:11     | Received a gift from Trog
 11159 | D:11     | Found Sennoxt's Gadget Boutique.
 11220 | D:11     | Noticed Maggie
 11236 | D:11     | Killed Maggie
 11239 | D:11     | Reached skill level 10 in Maces & Flails
 11690 | D:11     | Found Ysig's General Store.
 11734 | D:11     | Bought a scroll of identify for 22 gold pieces
 11800 | D:12     | Reached XP level 12. HP: 79/79 MP: 12/12
 12208 | D:12     | Found a runed translucent door.
 12208 | D:12     | Found a shimmering altar of Xom.
 12208 | D:12     | Noticed Borgoz's ghost (journeyman GrBe)
 12756 | D:12     | Paralysed by a +0 morningstar of chaos for 6 turns
 12771 | D:12     | Killed Borgoz's ghost
 12903 | D:13     | Noticed a vault guard
 12903 | D:13     | Noticed a vault guard
 12903 | D:13     | Noticed a vault guard
 12904 | D:13     | Found a gate to the Vaults.
 12904 | D:13     | Noticed a vault guard
 12904 | D:13     | Noticed a vault guard
 12904 | D:13     | Noticed a vault guard
 12904 | D:13     | Noticed a vault guard
 12908 | D:13     | Noticed a vault guard
 12929 | D:13     | Killed a vault guard
 12949 | D:13     | Killed a vault guard
 12967 | D:13     | Killed a vault guard
 12994 | D:13     | Found a gate leading to a gauntlet.
 12999 | Gauntlet | Entered a Gauntlet
 12999 | Gauntlet | Found a transporter.
 12999 | Gauntlet | Found a transporter.
 12999 | Gauntlet | Found a transporter.
 12999 | Gauntlet | Noticed a death scarab
 13009 | Gauntlet | Found a transporter.
 13021 | Gauntlet | Found a transporter.
 13035 | Gauntlet | Found a transporter.
 13044 | Gauntlet | Noticed a queen ant
 13045 | Gauntlet | Found a transporter.
 13060 | Gauntlet | Found a transporter.
 13066 | Gauntlet | Found a transporter.
 13066 | Gauntlet | Noticed a tengu warrior
 13102 | Gauntlet | Noticed a death ooze
 13106 | Gauntlet | Found a transporter.
 13123 | Gauntlet | Found a transporter.
 13165 | Gauntlet | Found a transporter.
 13357 | Gauntlet | Got an encrusted long sword
 13359 | Gauntlet | Got a scorched helmet
 13370 | Gauntlet | Identified the +1 helmet of Abstinence {-Cast +Fly rN+}
                  | (You found it in a Gauntlet)
 13371 | Gauntlet | Identified the cursed +2 long sword of the Median {venom,
                  | Int+5} (You found it in a Gauntlet)
 13422 | Gauntlet | Killed a death ooze
 13426 | Gauntlet | Got a pair of smoking gloves
 13467 | Gauntlet | Identified the -2 pair of gloves of Pennai {+Inv MP+9 Str+4
                  | Int+2} (You found it in a Gauntlet)
 13494 | Gauntlet | Noticed a minotaur
 13511 | Gauntlet | Killed a minotaur
 13536 | Gauntlet | Got a brightly glowing leather armour
 13538 | Gauntlet | Identified Lom Lobon's Almanac of Dislocation
 13634 | D:13     | Killed a vault guard
 13637 | D:13     | Found a basalt altar of Yredelemnul.
 13692 | D:13     | Killed a vault guard
 13692 | D:13     | Reached XP level 13. HP: 75/85 MP: 13/13
 13707 | D:13     | Killed a vault guard
 13747 | D:13     | Killed a vault guard
 13823 | D:13     | Killed a vault guard
 13892 | D:13     | You fall into a shaft and drop 1 floor!
 14177 | D:14     | Reached skill level 10 in Dodging
 14574 | D:14     | Received a gift from Trog
 14725 | D:15     | Entered Level 15 of the Dungeon
 14898 | D:13     | HP: 4/87 [meliai/+0 hand axe (1)]
 15168 | D:15     | Gained mutation: Your large and strong wings let you fly
                  | indefinitely. [Gargoyle growth]
 15168 | D:15     | Reached XP level 14. HP: 77/92 MP: 14/14
 15330 | D:15     | Got a translucent buckler
 15584 | D:15     | Found a staircase to the Depths.
 15650 | D:15     | Reached skill level 1 in Evocations
 15650 | D:15     | Reached XP level 15. HP: 98/98 MP: 14/16
 15651 | D:15     | Reached XP level 16. HP: 104/104 MP: 14/18
 16463 | Lair:1   | Entered Level 1 of the Lair of Beasts
 16745 | Lair:1   | Got a glittering iron amulet
 16746 | Lair:1   | Identified the amulet "Numemm" {Faith rC+ Dex+2} (You found
                  | it on level 1 of the Lair of Beasts)
 17176 | Lair:1   | Identified the +2 buckler of the Doldrums {Dex+2} (You
                  | found it on level 15 of the Dungeon)
 18707 | Lair:3   | Found a staircase to the Snake Pit.
 19154 | Lair:4   | Noticed Rooheesk's ghost (journeyman DDGl)
 19157 | Lair:4   | Found a runed translucent door.
 19398 | Lair:4   | Killed Rooheesk's ghost
 19643 | Lair:4   | Found a staircase to the Swamp.
 19887 | Lair:5   | Found a frozen archway.
 19904 | IceCv    | Entered an ice cave
 19997 | IceCv    | Received a gift from Trog
 20696 | Lair:5   | Reached XP level 17. HP: 102/111 MP: 19/19
 20881 | Lair:5   | Got a coiled bronze ring
 20888 | Lair:5   | Identified the ring "Maovetsi" {rF+ rC+ SInv} (You found it
                  | on level 5 of the Lair of Beasts)
 21145 | Lair:6   | Entered Level 6 of the Lair of Beasts
 21267 | Lair:6   | Received a gift from Trog
 21326 | Lair:6   | Reached skill level 15 in Maces & Flails
 21501 | Lair:6   | Found a dark tunnel.
 21511 | Volcano  | Entered a volcano
 21682 | Volcano  | Got a pair of spiked gloves
 21745 | Lair:6   | Identified the cursed -4 pair of gloves "Ycogaegg" {Regen+
                  | Str+2} (You found it in a volcano)
 22187 | Lair:6   | Identified a scroll of acquirement
 22200 | Lair:6   | Identified the amulet "Tupo" {Spirit rF+ Int+2} (You
                  | acquired it on level 6 of the Lair of Beasts)
 22475 | Lair:6   | Found a staircase to the Slime Pits.
 23018 | Orc:1    | Entered Level 1 of the Orcish Mines
 23376 | Orc:1    | Found Kihatroj's Antique Armour Emporium.
 23388 | Orc:1    | Found Busmuxta's Assorted Antiques.
 23477 | Orc:1    | Found Ibykioji's Antique Weapon Emporium.
 23544 | Orc:1    | Noticed Maurice
 23579 | Orc:1    | Killed Maurice
 23662 | Orc:1    | Noticed Erolcha
 23683 | Orc:1    | Killed Erolcha
 23683 | Orc:1    | Received a gift from Trog
 23791 | Orc:1    | Noticed Erica
 23806 | Orc:1    | Killed Erica
 24054 | Orc:1    | Noticed Fannar
 24079 | Orc:1    | Killed Fannar
 24110 | Orc:2    | Entered Level 2 of the Orcish Mines
 24246 | Orc:2    | Found a roughly hewn altar of Beogh.
 24316 | Orc:2    | Paralysed by an orc sorcerer for 3 turns
 24429 | Orc:2    | Found Qihurif's Antique Armour Boutique.
 24457 | Orc:2    | Found Iprunt's Weapon Shop.
 24621 | Orc:2    | Received a gift from Trog
 24690 | Orc:2    | Noticed Saint Roka
 24748 | Orc:2    | Killed Saint Roka
 24887 | Orc:2    | Found a roughly hewn altar of Beogh.
 25084 | Orc:2    | Found Nypsuq's Antique Weapon Emporium.
 25147 | Orc:2    | Found Jughac's Gadget Shoppe.
 25726 | Orc:2    | Received a gift from Trog
 25858 | Orc:2    | Found a staircase to the Elven Halls.
 25930 | Orc:2    | Paralysed by an orc sorcerer for 5 turns
 26114 | Orc:1    | Bought a translucent plate armour for 728 gold pieces
 26114 | Orc:1    | Bought a fine helmet for 247 gold pieces
 26124 | Orc:1    | Identified the +6 plate armour of the Fiddle {rElec rC-
                  | rN++ Dex+3} (You bought it in a shop on level 1 of the
                  | Orcish Mines)
 26135 | Orc:1    | Identified the -1 helmet "Eghouma" {rC++ rCorr Str+9 Int-5}
                  | (You bought it in a shop on level 1 of the Orcish Mines)
 26136 | Orc:1    | Bought a twisted helmet for 247 gold pieces
 26165 | Orc:2    | Bought a spiked scale mail for 288 gold pieces
 26449 | Lair:1   | Identified the +6 scale mail "Fuvubb" {rElec rF+ rC+
                  | Regen+} (You bought it in a shop on level 2 of the Orcish
                  | Mines)
 26467 | Lair:1   | Identified the +1 helmet of Compression {+Fly rPois MR-
                  | Dex+8} (You bought it in a shop on level 1 of the Orcish
                  | Mines)
 26544 | Swamp:1  | Entered Level 1 of the Swamp
 26554 | Swamp:1  | Reached XP level 18. HP: 89/118 MP: 14/20
 27069 | Swamp:1  | Noticed Roxanne
 27245 | Swamp:1  | Killed Roxanne
 27416 | Swamp:2  | Reached skill level 15 in Fighting
 27703 | Swamp:2  | Reached skill level 15 in Armour
 27776 | Swamp:2  | Received a gift from Trog
 29519 | Swamp:2  | Got a faintly glowing leather armour
 29537 | Swamp:2  | Identified the +2 leather armour of Tulips {rCorr Int+4
                  | Stlth-} (You found it on level 2 of the Swamp)
 29681 | Swamp:4  | Entered Level 4 of the Swamp
 29891 | Swamp:4  | Received a gift from Trog
 29902 | Swamp:4  | Noticed the 27-headed Lernaean hydra
 29918 | Swamp:4  | Killed the 27-headed Lernaean hydra
 30203 | Swamp:4  | Got a faintly humming leather armour
 30214 | Swamp:4  | Identified the +3 leather armour "Dupri" {rN+ MP+9 Str+6}
                  | (You found it on level 4 of the Swamp)
 30265 | Swamp:4  | Noticed Kirke
 30297 | Swamp:4  | Killed Kirke
 30481 | Swamp:4  | Reached XP level 19. HP: 124/124 MP: 21/21
 30688 | Swamp:4  | Got a decaying rune of Zot
 31079 | Vaults:1 | Entered Level 1 of the Vaults
 31143 | D:11     | Bought a scroll of identify for 64 gold pieces
 31143 | D:11     | Bought a scroll of identify for 64 gold pieces
 31143 | D:11     | Bought a scroll of teleportation for 96 gold pieces
 31296 | D:11     | Bought a scroll of enchant weapon for 82 gold pieces
 31296 | D:11     | Bought a ration for 55 gold pieces
 31591 | Snake:1  | Entered Level 1 of the Snake Pit
 31792 | Snake:1  | Reached skill level 15 in Dodging
 31823 | Snake:1  | Received a gift from Trog
 31827 | Snake:1  | Got an encrusted great mace {god gift}
 31828 | Snake:1  | Identified the +0 great mace of Autotheism {vorpal, rN+ MR-
                  | SInv} (Trog gifted it to you on level 1 of the Snake Pit)
 31992 | Snake:1  | Noticed Donald
 32005 | Snake:1  | Killed Donald
 32461 | Snake:2  | Reached skill level 1 in Shields
 32562 | Snake:2  | Noticed Vashnia
 32600 | Snake:2  | Killed Vashnia
 33299 | Snake:2  | You are sucked into a shaft and drop 1 floor!
 33543 | Snake:3  | Received a gift from Trog
 35022 | Snake:4  | Entered Level 4 of the Snake Pit
 35418 | Snake:4  | Received a gift from Trog
 35418 | Snake:4  | Reached XP level 20. HP: 115/132 MP: 16/22
 35468 | Snake:4  | Reached skill level 5 in Shields
 35854 | Snake:4  | Got a serpentine rune of Zot
 36173 | Snake:4  | Received a gift from Trog
 37601 | Vaults:1 | Received a gift from Trog
 37650 | Vaults:1 | Got a smoking lajatang {god gift}
 37662 | Vaults:1 | Identified the +12 lajatang "Jadeem" {vorpal, rC+ MR+
                  | Str+3} (Trog gifted it to you on level 1 of the Vaults)
 38295 | Vaults:1 | Received a gift from Trog
 38295 | Vaults:1 | Reached XP level 21. HP: 137/139 MP: 23/23
 38305 | Vaults:1 | Got an encrusted morningstar {god gift}
 38306 | Vaults:1 | Identified the +3 morningstar "Xasidaur" {vorpal, +Rage
                  | Int+2} (Trog gifted it to you on level 1 of the Vaults)
 38864 | Vaults:2 | Noticed Aizul
 38874 | Vaults:2 | Killed Aizul
 38893 | Vaults:2 | Received a gift from Trog
 38970 | Vaults:2 | Found Qugoly's Food Boutique.
 39550 | Vaults:2 | Found a runed translucent gate.
 39550 | Vaults:2 | Found a runed translucent gate.
 39550 | Vaults:2 | Found a runed translucent gate.
 39650 | Vaults:2 | Received a gift from Trog
 40074 | Vaults:2 | Noticed Waros's ghost (veteran GrEE)
 40074 | Vaults:2 | Noticed Pofumik's ghost (veteran MiFi)
 40074 | Vaults:2 | Noticed Muon Kaw's ghost (adept GnGl)
 40110 | Vaults:2 | Killed Pofumik's ghost
 40311 | Vaults:2 | Killed Muon Kaw's ghost
 40477 | Vaults:3 | Noticed Mennas
 40497 | Vaults:3 | Killed Mennas
 40515 | Vaults:3 | Received a gift from Trog
 40555 | Vaults:3 | Found a staircase to the Crypt.
 40613 | Vaults:3 | Noticed Mara
 40616 | Vaults:3 | Noticed Borgoz's illusion
 40638 | Vaults:3 | Killed Mara
 40669 | Vaults:3 | Reached XP level 22. HP: 91/147 MP: 16/25
 40672 | Vaults:3 | Noticed Boris
 40688 | Vaults:3 | Killed Boris
 40688 | Vaults:3 | Reached skill level 5 in Evocations
 40823 | Vaults:3 | Identified the Almanac of Dislocation
 40889 | Vaults:3 | Got a heavily runed scale mail
 40913 | Vaults:3 | Identified the +1 scale mail of Midics {-Cast +Inv rPois}
                  | (You found it on level 3 of the Vaults)
 40981 | Vaults:3 | Received a gift from Trog
 41286 | Vaults:3 | Identified Sif Muna's Collected Works on Enchantment
 41391 | Vaults:3 | You are sucked into a shaft and drop 1 floor!
 41746 | Vaults:3 | Received a gift from Trog
 41831 | Vaults:3 | Found a runed translucent door.
 41831 | Vaults:3 | Noticed Pofumik's ghost (veteran MiFi)
 41890 | Vaults:3 | Killed Pofumik's ghost
 42748 | Vaults:4 | Found Mefurhas's Gadget Boutique.
 42750 | Vaults:4 | Got a steaming ring mail
 42761 | Vaults:4 | Identified the +0 ring mail of Shadows and Fog {+Blink
                  | Str+4 Dex-3 SInv} (You found it on level 4 of the Vaults)
 42850 | Vaults:4 | Received a gift from Trog
 43492 | Vaults:5 | Entered Level 5 of the Vaults
 43526 | Vaults:4 | Reached skill level 10 in Shields
 43606 | Vaults:4 | Reached XP level 23. HP: 152/153 MP: 22/26
 43856 | Elf:1    | Entered Level 1 of the Elven Halls
 44511 | Vaults:5 | Received a gift from Trog
 44519 | Vaults:5 | Noticed an ancient lich
 44534 | Vaults:5 | Killed an ancient lich
 44601 | Vaults:5 | Noticed an ancient lich
 44610 | Vaults:5 | Killed an ancient lich
 44823 | Vaults:5 | Got a silver rune of Zot
 44968 | Vaults:5 | Identified the +0 leather armour of the Valley {rElec rPois
                  | Str-5 SInv}
 45170 | Vaults:5 | Received a gift from Trog
 45349 | Vaults:5 | Noticed a golden dragon
 45369 | Vaults:5 | Identified the ring of Greed {rPois Stlth+}
 45372 | Vaults:5 | Killed a golden dragon
 45393 | Vaults:5 | Identified the +9 demon trident of the Wraith {venom,
                  | *Drain Int+5}
 45538 | Vaults:5 | Reached XP level 24. HP: 145/161 MP: 23/26
 45688 | Vaults:5 | Identified the +11 hand crossbow of Vedibow {penet, +Inv
                  | Str+5 Dex-4}
 45715 | Vaults:5 | Identified the +7 long sword of Borgoz's Infinite Pain
                  | {flame, rF+ MR+ Str-5 Int+4}
 45874 | Vaults:5 | Got a polished long sword
 46323 | Lair:1   | Identified the +2 long sword "Piawuzxi" {vorpal, Str+2
                  | SInv} (You found it on level 5 of the Vaults)
 46343 | Lair:1   | Identified the ring of Umisk {rElec rC+} (You acquired it
                  | on level 1 of the Lair of Beasts)
 46450 | Orc:1    | Bought a potion of heal wounds for 170 gold pieces
 46450 | Orc:1    | Bought the +3 warlock's mirror {reflect} for 1360 gold
                  | pieces
 46450 | Orc:1    | Found the +3 warlock's mirror {reflect}
 46450 | Orc:1    | Bought a scroll of teleportation for 102 gold pieces
 46450 | Orc:1    | Bought a scroll of enchant weapon for 255 gold pieces
 46567 | Orc:2    | Bought a pair of glowing boots for 240 gold pieces
 46994 | Elf:1    | Received a gift from Trog
 47227 | Elf:1    | Got a warped chain mail
 47241 | Elf:1    | Identified the +1 chain mail "Oleykujef" {rPois MR++ Str-2
                  | Dex+2} (You found it on level 1 of the Elven Halls)
 47750 | Elf:2    | Received a gift from Trog
 47838 | Elf:2    | Reached ****** piety under Trog
 47988 | Elf:2    | Found a runed translucent gate.
 47990 | Elf:2    | Found a runed translucent gate.
 47991 | Elf:2    | Found a runed translucent gate.
 48329 | Elf:2    | Received a gift from Trog
 48636 | Elf:3    | Entered Level 3 of the Elven Halls
 49257 | Elf:3    | Received a gift from Trog
 49542 | Elf:3    | Identified the +10 mace "Opoprido" {vorpal, MP+9}
 49543 | Elf:3    | Identified the +9 flail of the Postmodern Scars {flame,
                  | rPois Str+7 Dex+4}
 49544 | Elf:3    | Identified the ring of the Doge {+Blink rElec rC+ Str-2
                  | Int+6}
 49809 | Elf:3    | Received a gift from Trog
 49902 | Elf:3    | Reached XP level 25. HP: 158/169 MP: 22/26
 50060 | Elf:3    | Got a pair of faintly humming boots
 50065 | Elf:3    | Found the +3 sling "Punk" {acid, rCorr}
 50068 | Elf:3    | Identified the +1 pair of boots of Freedom {rElec MR- rCorr
                  | Stlth+} (You found it on level 3 of the Elven Halls)
 50071 | Elf:3    | Got a dazzling ring mail
 50072 | Elf:3    | Identified the +4 ring mail "Gohawk" {rF+ Regen+ Str+4
                  | Dex-4} (You found it on level 3 of the Elven Halls)
 50103 | Elf:3    | Identified the Guide on Gliding Envenoming
 50706 | Vaults:2 | Killed Waros's ghost
 50757 | Crypt:1  | Entered Level 1 of the Crypt
 51035 | Crypt:1  | Received a gift from Trog
 51253 | Crypt:1  | Noticed Boris
 51277 | Crypt:1  | Killed Boris
 51419 | Crypt:1  | Found a basalt altar of Yredelemnul.
 52014 | Crypt:2  | Found a basalt altar of Yredelemnul.
 52277 | Crypt:2  | Got a polished cloak
 52278 | Crypt:2  | Identified the +2 cloak "Jiach" {*Corrode Str-5 Slay+6
                  | Stlth+} (You found it on level 2 of the Crypt)
 52396 | Crypt:2  | Received a gift from Trog
 52441 | Crypt:3  | Entered Level 3 of the Crypt
 52591 | Crypt:3  | Got a distressingly furry leather armour
 52592 | Crypt:3  | Identified the +0 leather armour "Wyvirow" {rF+ rC+ Str-3}
                  | (You found it on level 3 of the Crypt)
 52958 | Crypt:3  | Found a staircase to the Tomb.
 53141 | Crypt:3  | Received a gift from Trog
 53450 | Crypt:3  | Found a basalt altar of Yredelemnul.
 54388 | Crypt:3  | Received a gift from Trog
 54427 | Crypt:3  | Got a brightly glowing lapis lazuli ring
 54471 | Crypt:3  | Found the +8 demon blade "Leech" {vamp, rN+ AC-3 EV-3}
 54839 | Lair:1   | Identified the ring "Jeutuk" {rC+ rN+ Dex+3} (You found it
                  | on level 3 of the Crypt)
 54991 | Depths:1 | Entered Level 1 of the Depths
 55003 | Depths:1 | Noticed Boris
 55014 | Depths:1 | Killed Boris
 55014 | Depths:1 | Reached XP level 26. HP: 177/177 MP: 22/26
 55077 | Depths:1 | Found a gateway to a ziggurat.
 55646 | Depths:1 | Got a pair of ichor-stained boots
 55657 | Depths:1 | Identified the +2 pair of boots "Winko" {rF- Regen+ rCorr}
                  | (You found it on level 1 of the Depths)
 55813 | Depths:1 | Got a shimmering fustibalus
 55815 | Depths:1 | Got a brightly glowing spear
 55883 | Depths:1 | Received a gift from Trog
 56355 | D:10     | You paid a toll of +2 ice dragon scales to enter a treasure
                  | trove
 56356 | Trove    | Entered a treasure trove
 56383 | Trove    | Got a jewelled hat
 56407 | Trove    | Got a slimy zirconium amulet
 56409 | Trove    | Got a flickering emerald amulet
 56411 | Trove    | Got a twitching crystal amulet
 56449 | D:10     | Identified the amulet of Finality {Spirit Int+4 Slay-3}
                  | (You found it in a treasure trove)
 56450 | D:10     | Identified the amulet of the Past {Inacc rF++ Str+8 Int-4
                  | Stlth+} (You found it in a treasure trove)
 56451 | D:10     | Identified the amulet "Acudygun" {+Rage MR- Int+3 Slay+2}
                  | (You found it in a treasure trove)
 56452 | D:10     | Identified the +5 fustibalus "Dogheysch" {venom, +Blink
                  | +Fly rPois Str+5} (You found it on level 1 of the Depths)
 56453 | D:10     | Identified the +0 hat of the Serpent {rF+ Regen+ Int+4
                  | Stlth+} (You found it in a treasure trove)
 56655 | D:5      | Bought shiny gold dragon scales for 2324 gold pieces
 57067 | Depths:1 | Found a gateway to Hell.
 57383 | Depths:2 | Found a runed translucent gate.
 57383 | Depths:2 | Found a runed translucent gate.
 57383 | Depths:2 | Found a runed translucent gate.
 57383 | Depths:2 | Found a runed translucent gate.
 57383 | Depths:2 | Found a runed translucent gate.
 57383 | Depths:2 | Found a runed translucent gate.
 57384 | Depths:2 | Found the +2 Maxwell's thermic engine {flame, freeze}
 57467 | Depths:2 | Found a one-way gate to the infinite horrors of the Abyss.
 57468 | Depths:2 | Found a corrupted altar of Lugonu.
 57482 | Depths:2 | Found Qecuast's Assorted Antiques.
 57740 | Depths:2 | Received a gift from Trog
 58143 | Depths:2 | Noticed Boris
 58156 | Depths:2 | Killed Boris
 59107 | Depths:3 | Received a gift from Trog
 59167 | Depths:3 | Found a runed translucent door.
 59171 | Depths:3 | Found a runed translucent door.
 59171 | Depths:3 | Found a runed translucent door.
 59194 | Depths:3 | Paralysed by a floating eye for 2 turns
 59201 | Depths:3 | Paralysed by a floating eye for 3 turns
 59208 | Depths:3 | Paralysed by a floating eye for 2 turns
 59217 | Depths:3 | Paralysed by a floating eye for 2 turns
 59236 | Depths:3 | Reached XP level 27. HP: 127/184 MP: 18/26
 59438 | Depths:3 | Identified the +10 flail of Irhidot {flame, Dex+5}
 59625 | Depths:3 | Received a gift from Trog
 60150 | Depths:3 | Found a corrupted altar of Lugonu.
 60457 | Depths:3 | Received a gift from Trog
 60463 | Depths:3 | Found a one-way gate leading to the halls of Pandemonium.
 60899 | Depths:4 | Found a runed translucent gate.
 60899 | Depths:4 | Found a runed translucent gate.
 60899 | Depths:4 | Found a runed translucent gate.
 61260 | Depths:4 | Received a gift from Trog
 61904 | Depths:4 | Noticed Muqepaov's ghost (veteran TeFE)
 61906 | Depths:4 | Noticed an ancient lich
 61906 | Depths:4 | Noticed an ancient lich
 61919 | Depths:4 | Received a gift from Trog
 61925 | Depths:4 | Killed an ancient lich
 61940 | Depths:4 | Killed an ancient lich
 61961 | Depths:4 | Killed Muqepaov's ghost
 61970 | Depths:4 | Got a heavily runed bronze ring
 61981 | Depths:4 | Identified the ring "Heede" {rF+ rC+ Str+3 Int+2 SInv} (You
                  | found it on level 4 of the Depths)
 62056 | Depths:5 | Entered Level 5 of the Depths
 62056 | Depths:5 | Noticed Boris
 62074 | Depths:5 | Killed Boris
 62701 | Depths:5 | Received a gift from Trog
 62806 | Depths:5 | Found a gate to the Realm of Zot.
 63335 | Depths:4 | Voluntarily entered the Abyss.
 63582 | Abyss:1  | Paralysed by accursed screaming for 1 turns
 64033 | Abyss:2  | Received a gift from Trog
 64414 | Abyss:2  | Found a corrupted altar of Lugonu.
 64584 | Abyss:2  | Got a slimy shield
 64593 | Abyss:2  | Identified the cursed +0 shield of Eggeyt {rCorr Int+3}
                  | (You found it on level 2 of the Abyss)
 64679 | Abyss:3  | Found a corrupted altar of Lugonu.
 64760 | Abyss:3  | Received a gift from Trog
 64883 | Abyss:3  | Paralysed by accursed screaming for 1 turns
 65150 | Abyss:4  | Got an abyssal rune of Zot
 65228 | Abyss:4  | Paralysed by accursed screaming for 1 turns
 65233 | Abyss:4  | Paralysed by accursed screaming for 1 turns
 65247 | Abyss:4  | Received a gift from Trog
 65268 | Abyss:4  | HP: 3/152 [daeva/divine providence (12)]
 65271 | Abyss:4  | Slain by a bone dragon

Levels and vault maps discovered:
D:1:      elethiomel_arrival_maze, layout_basic
D:2:      minmay_general_purpose_star, layout_basic, okawaru_metal_pillars_3,
          nicolae_gozag_seed_capital
D:3:      layout_basic, cheibriados_altar_1, lemuel_tele_altar, uniq_natasha,
          uniq_grinder
D:4:      layout_loops_corners, nicolae_ossuary_entry_giza, uniq_eustachio
D:5:      layout_rooms, xom_redecorated, kennysheep_mini_moat,
          minmay_temple_entry_antechambers, first_ration, serial_shops,
          nicolae_shop_competitors_out_of_business, shop,
          nicolae_shop_statue_plus, shop, kennysheep_little_box
D:6:      layout_gridville
D:7:      layout_loops_ring, kennysheep_ying_yang, marbit_many_paths,
          serial_shops, nicolae_shop_crystal, uniq_pikel
D:8:      layout_layer_cave, lemuel_crystal_altar
D:9:      layout_long_grid, grunt_lair_entry_orc_guard_hut, uniq_gastronok
D:10:     layout_long_grid, enter_trove_1, serial_shops, shop, david_nohive_1
D:11:     layout_long_grid, zombieorc2_lemuel, serial_shops,
          nicolae_shop_waterfront, shop, shop, shop_statue, shop, uniq_maggie
D:12:     layout_cave_pods, ebering_ghost_xom
D:13:     layout_rooms, erik_vaults_2, gauntlet_entry_generic,
          lemuel_altar_in_water
D:14:     layout_roguey, chequers_avenue, minivault_25_ag
D:15:     gammafunk_depths_entry_grave, layout_cave_pods, minmay_misc_feat_roman
Lair:1:   layout_loops_ring
Lair:2:   layout_chaotic_city, chequers_serial_rivers_small_3,
          chequers_serial_rivers_small_b, chequers_serial_rivers_micro_a
Lair:3:   layout_small_grid, minmay_snake_entry_guardpost_small
Lair:4:   layout_roguey [special_room_mythical_zoo],
          nicolae_swamp_entry_splash_gauntlet, hellmonk_ghost_happy_afterlife
Lair:5:   layout_concentric_octagons, portal_ice_cave_demonic_guard,
          serial_bayou_pond_c, minmay_lair_oklob_items, columned_hall_lemuel
Lair:6:   minmay_lair_end_frog_pond, layout_regular_city,
          minmay_slime_entry_oklob_enclosed, lightli_volcano_entry_magma_tube
Swamp:1:  layout_basic_swamp, evilmike_swamp_ruin_house_5, swamp_pool3,
          uniq_roxanne
Swamp:2:  layout_falls_marsh, evilmike_swamp_ruin_house_1, swamp_pool1,
          nicolae_swamp_necromancer_hut, infiniplex_staircase_pool_2
Swamp:3:  nicolae_swamp_phyte_club, layout_basic_swamp,
          evilmike_swamp_ruin_house_2, infiniplex_staircase_pool
Swamp:4:  swamp_old_school, layout_basic_swamp, evilmike_swamp_ruin_house_4,
          uniq_kirke
Snake:1:  layout_grid_shapes, st_stairs_5, drop_trap, serial_bayou_lagoon_a,
          guppyfry_library_mini, uniq_donald
Snake:2:  layout_chambers, uniq_vashnia
Snake:3:  layout_layer_cave, grunt_megastairs_3
Snake:4:  grunt_snake_rune_spirals, layout_onion_interference
Orc:1:    lemuel_ogre_cave, layout_diamond_mine, serial_shops, shop,
          guppyfry_orc_lava_fort, uniq_fannar, uniq_maurice, uniq_erica
Orc:2:    pubby_orc_utopia, serial_shops
Elf:1:    minmay_elf_arrival_plus, layout_gridlike, minivault_28, st_stairs_3
Elf:2:    layout_loops_cross
Elf:3:    elf_hall, layout_loops_corners
Vaults:1: ontoclasm_vaults_chip, v_pattern_1, hangedman_vaults_unwind,
          vaults_room_corners, hangedman_vaults_hat, vaults_room_door_ring,
          vaults_dpeg_cross, v_misc_8, vaults_room_fancy_cross,
          nicolae_vaults_quartermaster, v_misc_30, ontoclasm_vaults_ring_large,
          ontoclasm_vaults_ligature, layout_vaults_omnibox
Vaults:2: gammafunk_vaults_ghost_cemetery, v_pattern_3, nicolae_vaults_big_ls,
          nicolae_vaults_mini_display_case, nicolae_vaults_network_square,
          ontoclasm_vaults_decontamination, hangedman_vaults_locks,
          vaults_room_fancy_cross, vaults_mumra_hex, vaults_room_ringed_pool,
          layout_vaults_big_room, serial_shops, shop_coins, uniq_aizul
Vaults:3: ebering_vaults_ghost_reflecting_pool, grunt_vaults_bifocal,
          grunt_vaults_swirl, ontoclasm_vaults_idyll, vaults_mumra_minichess,
          nicolae_vaults_network_periphery, v_misc_10, nicolae_vaults_alarming,
          nicolae_vaults_circle_grid_b, minmay_crypt_entry_simple_statues,
          nicolae_vaults_three_branches, layout_vaults_ring,
          serial_hangedman_research, hangedman_research_convocations,
          hangedman_research_probablistics, hangedman_research_quantum,
          uniq_mennas, uniq_mara, uniq_boris
Vaults:4: hangedman_vaults_stagger, v_misc_2, nicolae_vaults_back_hallway,
          hangedman_vaults_slice, v_misc_17, v_pattern_2, v_misc_3, v_misc_3,
          layout_vaults_omnigrid, serial_shops, shop
Vaults:5
Crypt:1:  layout_gridlike, basic_altar
Crypt:2:  layout_gridlike, lemuel_mausoleum_altar_yredelemnul
Crypt:3:  evilmike_haunted_forest
Depths:1: layout_basic, enter_ziggurat_b, minmay_stone_trees_medium,
          grunt_hell_entry_dis_grunt, minmay_multi_spiral
Depths:2: minmay_concentric_multi, layout_basic, grunt_mini_vestibule,
          abyss_entry_flame_altar, serial_shops, shop_fountains, st_stairs_14,
          brannock_guarded_unrand_thermic_engine, infiniplex_staircase_spiral
Depths:3: minmay_the_grid_triangle_9x9_rhombus_full_mashed
          [minmay_the_grid_triangle_9x9_fully_insulated_deathbox,
          minmay_the_grid_triangle_9x9_from_above,
          minmay_the_grid_triangle_9x9_cache,
          minmay_the_grid_triangle_9x9_stretched_checkered,
          minmay_the_grid_triangle_9x9_semitri,
          minmay_the_grid_triangle_9x9_odd_lines,
          minmay_the_grid_triangle_9x9_sparse_checkered,
          minmay_the_grid_triangle_9x9_prize_schism], layout_cave_shapes,
          grunt_pan_entry_in_and_out, pf_hell_entry_tar_spiral,
          tgw_lugonu_bribe, infiniplex_staircase_zigzag_3, uniq_margery
Depths:4: lemuel_castle_with_subvaults [lemuel_castle_interior_carwin_3],
          layout_basic, gammafunk_ghost_necromancy, hell_entry,
          chequers_serial_rivers_room_b, abyss_entry_small_statue_room,
          infiniplex_staircase_squiggle
Depths:5: evilmike_zot_entry_round, layout_basic, hell_entry, uniq_saint_roka
Abyss:4:  base: D:5, grunt_abyss_rune_wretched_hive,
          evilmike_abyss_exit_smiterflies, guppyfry_abyss_exit_spiral_guarded,
          evilmike_nicolae_abyss_rune_betentacled_crabyss

Skill      XL: |  1  2  3  4  5  6  7  8  9 10 11 12 13 14 15 16 17 18 19 20 21 22 23 24 25 26 27 |
---------------+----------------------------------------------------------------------------------+-----
Dodging        | 2 3 4 5 7 8 9 10 11 12 13 14 15 16 17 18 19 20 | 20.9
Armour         | 3 4 5 6 7 9 10 11 12 13 14 15 16 17 18 19 20 21 22 24 | 24.0
Fighting       | 4 5 6 8 9 10 11 12 13 14 15 16 17 18 19 20 21 22 24 | 24.0
Maces & Flails | 4 5 6 7 9 10 11 12 13 14 16 17 18 19 20 21 22 24 | 24.0
Evocations     | 1 2 3 4 5 |  5.0
Shields        | 4 7 8 10 11 | 11.1

Action                   |  1- 3 |  4- 6 |  7- 9 | 10-12 | 13-15 | 16-18 | 19-21 | 22-24 | 25-27 || total
-------------------------+-------+-------+-------+-------+-------+-------+-------+-------+-------++-------
Melee: Mace              |   140 |     2 |       |   301 |       |       |       |       |       ||   443
       Morningstar       |       |   203 |   497 |    34 |       |       |       |       |       ||   734
       Demon whip        |       |       |       |   555 |       |  1955 |  1461 |  1582 |  1893 ||  7446
       Dire flail        |       |       |       |    53 |   285 |   381 |       |       |       ||   719
       Great mace        |       |       |       |       |   115 |    56 |       |       |       ||   171
       Unarmed           |       |       |       |       |       |    13 |       |       |       ||    13
       Lajatang          |       |       |       |       |       |       |   742 |   533 |       ||  1275
       Flail             |       |       |       |       |       |       |       |       |  2276 ||  2276
Throw: Throwing net      |       |       |       |     3 |       |       |       |       |       ||     3
Invok: Berserk           |     2 |     2 |     2 |     8 |     3 |    10 |     7 |     6 |    10 ||    50
       Trog's Hand       |       |     1 |     1 |     5 |     5 |     4 |       |     3 |     5 ||    24
       Brothers in Arms  |       |       |       |     2 |       |     7 |     2 |     2 |     2 ||    15
 Abil: Fly               |       |       |       |       |       |     1 |       |       |       ||     1
Evoke: Wand              |       |       |       |     1 |       |     5 |     4 |     1 |     2 ||    13
  Use: Scroll            |       |     5 |     6 |    12 |     3 |    20 |    14 |     7 |    24 ||    91
       Potion            |       |       |     2 |     2 |     6 |     2 |       |       |       ||    12
 Stab: Held in net/web   |       |       |       |     1 |       |       |       |       |       ||     1
       Paralysed         |       |       |       |       |       |       |    11 |       |       ||    11
       Distracted        |       |       |       |       |       |       |     1 |     1 |     3 ||     5
       Petrified         |       |       |       |       |       |       |       |     7 |       ||     7
       Petrifying        |       |       |       |       |       |       |       |     2 |       ||     2
  Eat: Chunk             |     3 |     8 |    15 |    26 |     8 |    48 |    17 |    33 |    43 ||   201
       Ration            |       |       |     1 |     3 |     1 |     4 |     7 |     2 |     6 ||    24
Armor: Animal skin       |    10 |       |       |       |       |       |       |       |       ||    10
       Scale mail        |    88 |   154 |    98 |       |       |   445 |   881 |   771 |  1463 ||  3900
       Ring mail         |       |       |   233 |   500 |   241 |   672 |       |       |       ||  1646
Dodge: Dodged            |   123 |   170 |   415 |   655 |   277 |  1788 |  1305 |  1175 |  3347 ||  9255
Block: Shield            |       |       |       |       |       |       |   575 |   461 |       ||  1036
       Reflection        |       |       |       |       |       |       |    71 |    51 |    76 ||   198
       Buckler           |       |       |       |       |       |       |       |   200 |  2006 ||  2206

Table legend:
 A = Non-vault XP
 B = Vault XP
 C = Vault XP percentage of total XP
 D = Non-vault monster count
 E = Vault monster count
 F = Vault count percentage of total count
                 A         B        C        D         E       F
            +---------+---------+-------+---------+---------+-------
      Total |  707759 |  833541 |  54.1 |    1504 |    1283 |  46.0
            +---------+---------+-------+---------+---------+-------
        D:1 |      46 |       0 |   0.0 |      27 |       0 |   0.0
        D:2 |      69 |       7 |   9.2 |      22 |       4 |  15.4
        D:3 |     136 |     289 |  68.0 |      34 |       2 |   5.6
        D:4 |     431 |     222 |  34.0 |      27 |       4 |  12.9
        D:5 |     881 |       0 |   0.0 |      20 |       0 |   0.0
        D:6 |     452 |       0 |   0.0 |      15 |       0 |   0.0
        D:7 |     870 |     617 |  41.5 |      20 |       1 |   4.8
        D:8 |    1598 |       0 |   0.0 |      29 |       0 |   0.0
        D:9 |    1671 |    2766 |  62.3 |      22 |       6 |  21.4
       D:10 |    2984 |    1184 |  28.4 |      29 |      15 |  34.1
       D:11 |    2726 |    1942 |  41.6 |      21 |      41 |  66.1
       D:12 |    2102 |    1227 |  36.9 |      13 |       2 |  13.3
       D:13 |    3960 |    7901 |  66.6 |      20 |       8 |  28.6
       D:14 |   13567 |    2645 |  16.3 |      37 |       4 |   9.8
       D:15 |    7199 |    5149 |  41.7 |      21 |       8 |  27.6
     Lair:1 |    4695 |       0 |   0.0 |      20 |       0 |   0.0
     Lair:2 |    3457 |       0 |   0.0 |      13 |       0 |   0.0
     Lair:3 |    4368 |     656 |  13.1 |      20 |       4 |  16.7
     Lair:4 |    1183 |    8436 |  87.7 |       5 |      31 |  86.1
     Lair:5 |    4101 |    1251 |  23.4 |      15 |       3 |  16.7
     Lair:6 |    5098 |   13147 |  72.1 |      18 |      49 |  73.1
    Swamp:1 |    7968 |    2154 |  21.3 |      26 |       1 |   3.7
    Swamp:2 |   13132 |     781 |   5.6 |      35 |       4 |  10.3
    Swamp:3 |   16375 |    9132 |  35.8 |      30 |       7 |  18.9
    Swamp:4 |    8252 |   15285 |  64.9 |      27 |      26 |  49.1
    Snake:1 |   17770 |    7971 |  31.0 |      39 |      11 |  22.0
    Snake:2 |   10849 |    8402 |  43.6 |      14 |       5 |  26.3
    Snake:3 |    7788 |    1408 |  15.3 |      16 |       2 |  11.1
    Snake:4 |   12231 |   60686 |  83.2 |      24 |      84 |  77.8
      Orc:1 |    1122 |   13094 |  92.1 |      12 |      36 |  75.0
      Orc:2 |       0 |   23144 | 100.0 |       0 |     150 | 100.0
      Elf:1 |   10230 |    8457 |  45.3 |      18 |      19 |  51.4
      Elf:2 |   18257 |   23494 |  56.3 |      38 |      28 |  42.4
      Elf:3 |   17056 |   29354 |  63.2 |      30 |      34 |  53.1
   Vaults:1 |   42174 |   23653 |  35.9 |      82 |      45 |  35.4
   Vaults:2 |   23753 |   35188 |  59.7 |      51 |      43 |  45.7
   Vaults:3 |   32314 |   66844 |  67.4 |      63 |      60 |  48.8
   Vaults:4 |   18966 |   28808 |  60.3 |      27 |      37 |  57.8
   Vaults:5 |   22195 |  125030 |  84.9 |      33 |      79 |  70.5
    Crypt:1 |   36097 |       0 |   0.0 |      46 |       0 |   0.0
    Crypt:2 |   14399 |     508 |   3.4 |      25 |      12 |  32.4
    Crypt:3 |       0 |   78600 | 100.0 |       0 |     118 | 100.0
   Depths:1 |   40891 |   23429 |  36.4 |      36 |      19 |  34.5
   Depths:2 |   44452 |   36166 |  44.9 |      49 |      33 |  40.2
   Depths:3 |   59262 |   51128 |  46.3 |      72 |      55 |  43.3
   Depths:4 |   43632 |   64836 |  59.8 |      47 |      62 |  56.9
   Depths:5 |   50636 |   20832 |  29.1 |      52 |      12 |  18.8
    Abyss:1 |   15704 |     179 |   1.1 |      35 |       1 |   2.8
    Abyss:2 |   25199 |       0 |   0.0 |      64 |       0 |   0.0
    Abyss:3 |   22375 |       0 |   0.0 |      40 |       0 |   0.0
    Abyss:4 |   12568 |    9275 |  42.5 |      23 |       8 |  25.8
    Ossuary |       0 |     266 | 100.0 |       0 |      49 | 100.0
      IceCv |       0 |   12203 | 100.0 |       0 |      49 | 100.0
    Volcano |       0 |    2769 | 100.0 |       0 |       8 | 100.0
   Gauntlet |     518 |    3026 |  85.4 |       2 |       4 |  66.7
            +---------+---------+-------+---------+---------+-------
